 Dungeon Crawl Stone Soup version 0.22.1-1-ga44c0e5 (webtiles) character file.

27 Starchild the Grave Robber (level 3, -2/19 HPs)
             Began as a Tengu Necromancer on Sept 20, 2018.
             Killed from afar by a dart slug (3 damage)
             ... with a slug dart
             ... on level 2 of the Dungeon.
             The game lasted 00:07:14 (1611 turns).

Starchild the Grave Robber (Tengu Necromancer)      Turns: 1611, Time: 00:07:15

Health: -2/19      AC:  3    Str:  8    XL:     3   Next: 10%
Magic:  0/7        EV: 12    Int: 16    God:
Gold:   38         SH:  0    Dex: 14    Spells: 1/6 levels left

rFire    . . .     SeeInvis .   (no weapon)
rCold    . . .     Gourm    .   (no shield)
rNeg     . . .     Faith    .   a - +0 robe
rPois    .         Spirit   .   (helmet restricted)
rElec    .         Reflect  .   (no cloak)
rCorr    +         Harm     .   g - +0 pair of gloves
MR       .....                  (boots unavailable)
Stlth    ++........             j - amulet of the acrobat
HPRegen  0.06/turn              d - ring of resist corrosion
MPRegen  0.10/turn              i - ring of wizardry

@: no status effects
A: beak, talons 3
a: no special abilities


You were on level 2 of the Dungeon.
You were very hungry.

You visited 1 branch of the dungeon, and saw 2 of its levels.

You collected 38 gold pieces.

Inventory:

Missiles
 h - 43 stones (quivered)
Armour
 a - a +0 robe (worn)
 g - a +0 pair of gloves (worn)
Jewellery
 d - a ring of resist corrosion (left hand)
 i - a ring of wizardry (right hand)
 j - an amulet of the acrobat (around neck)
 m - a cursed amulet of inaccuracy {unknown}
Potions
 b - a potion of berserk rage {unknown}
 f - a potion of curing {unknown}
 l - 2 potions of brilliance
Comestibles
 c - 5 rations


   Skills:
 - Level 2.1 Dodging
 - Level 2.0 Stealth
 - Level 2.0 Spellcasting
 + Level 5.4 Necromancy


You had one spell level left.
You knew the following spells:

 Your Spells              Type           Power        Failure   Level  Hunger
a - Pain                  Necr           ###.         1%          1    #......
b - Animate Skeleton      Necr           N/A          1%          1    #......
c - Vampiric Draining     Necr           ###.......   2%          3    ###....

Your spell library contained the following spells:

 Spells                   Type           Power        Failure   Level  Hunger
 Regeneration             Chrm/Necr      ##........   9%          3    ###....
 Animate Dead             Necr           N/A          9%          4    #####..


Dungeon Overview and Level Annotations

Branches:
Dungeon (2/15)

Altars:
Elyvilon


Innate Abilities, Weirdness & Mutations

You have a beak for a mouth.
You have claws for feet.


Message History

Press: ? - help, Shift-Dir - straight line, f/p - worm
Aim: a worm (heavily wounded, chance to defeat MR: 84%)
The worm barely resists.
Your magical contamination has completely faded away.
A dart slug comes into view.
Casting: Pain (safe; 1% risk of failure)
Confirm with . or Enter, or press ? or * to list all spells.
Aiming: Pain (safe; 1% risk of failure)
Press: ? - help, Shift-Dir - straight line, f/p - worm
Aim: a worm (moderately wounded, chance to defeat MR: 84%)
The worm writhes in agony!
As you read the scroll labeled DEHAORH BECUF, it crumbles to dust.
You feel blessed for a moment.
It was a scroll of remove curse.
You are feeling very hungry.
As you read the scroll labeled BOEHONGAIT, it crumbles to dust.
It is a scroll of identify.
l - 2 potions of brilliance The dart slug launches a dart at you.
The slug dart hits you!
You die...

.##############
.w.....@..w...#
.############.#
#.# #w# ###
#.########.#
#........#.#
########....
#.########..#.#
#...........#.#


You could see a worm and a dart slug.

Vanquished Creatures
  A dart slug (D:1)
  4 bats
  2 giant cockroaches
  2 goblins
  2 hobgoblins
  2 jackals (D:1)
  2 frilled lizards
  2 kobolds
  8 rats (D:1)
25 creatures vanquished.

Notes
Turn   | Place    | Note
-------+----------+-------------------------------------------
     0 | D:1      | Starchild the Tengu Necromancer began the quest for the
                  | Orb.
     0 | D:1      | Reached XP level 1. HP: 10/10 MP: 4/4
   487 | D:1      | Learned a level 1 spell: Animate Skeleton
   547 | D:1      | Reached XP level 2. HP: 11/15 MP: 4/6
   681 | D:1      | Reached skill level 5 in Necromancy
  1361 | D:2      | Found a white marble altar of Elyvilon.
  1498 | D:2      | Reached XP level 3. HP: 18/19 MP: 4/7
  1503 | D:2      | Learned a level 3 spell: Vampiric Draining
  1611 | D:2      | Killed from afar by a dart slug

Skill      XL: |  1  2 |
---------------+-------+-----
Necromancy     | 5 |  5.4
Dodging        | |  2.1
Stealth        | |  2.0
Spellcasting   | |  2.0

Action                   || total
-------------------------++-------
Melee: Unarmed           ||     6
       Club              ||     5
       Kick              ||     2
       Peck              ||     1
 Cast: Pain              ||    52
       Animate Skeleton  ||     1
  Use: Scroll            ||     2
 Stab: Sleeping          ||     1
  Eat: Chunk             ||     2
Armor: Robe              ||     4
Dodge: Dodged            ||    13
